EL
MIDLAND ROCKHOUNDS @ MONTGOMERY BISCUITS
09/30/2045
 
TOP OF THE 1ST
Midland RockHounds batting - Pitching for Montgomery Biscuits : RHP Colin Lancey Jr.
Pitching: RHP Colin Lancey Jr.
Batting: SHB Brace Harper 0-0: Called Strike
0-1: Ball
1-1: Ground out U3 (Groundball, 34, EV 81.9 MPH)
Batting: RHB Miguel Trevino 0-0: Ball
1-0: Ball
2-0: Swinging Strike
2-1: Swinging Strike
2-2: Strikes out swinging
Batting: LHB Tommy King 0-0: Ball
1-0: Fly out, F9 (Flyball, 9, EV 89.4 MPH)
Top of the 1st over - 0 runs, 0 hits, 0 errors, 0 left on base; Midland 0 - Montgomery 0
BOTTOM OF THE 1ST
Montgomery Biscuits batting - Pitching for Midland RockHounds : RHP Nick Kirk
Pitching: RHP Nick Kirk
Batting: LHB Hyoji Toda 0-0: Called Strike
0-1: SINGLE (Groundball, 34D, EV 95.6 MPH)
Batting: LHB Jake Rheaume 0-0: Fielders Choice at 2nd, 1-6 (Groundball, 34S, EV 62.5 MPH)
Batting: SHB Brett McEwen 0-0: Foul Ball, location: 2F
0-1: Swinging Strike
0-2: Fly out, F7 (Flyball, 7D, EV 102.5 MPH)
Batting: LHB Mario Ocana 0-0: Ball
1-0: Swinging Strike
1-1: Foul Ball, location: 2F
1-2: Foul Ball, location: 2F
1-2: Strikes out swinging
Bottom of the 1st over - 0 runs, 1 hit, 0 errors, 1 left on base; Midland 0 - Montgomery 0
TOP OF THE 2ND
Midland RockHounds batting - Pitching for Montgomery Biscuits : RHP Colin Lancey Jr.
Batting: LHB John Shults 0-0: Ball
1-0: Foul Ball, location: 2F
1-1: SOLO HOME RUN (Flyball, 9LD, EV 96.9 MPH), Distance : 344 ft
Batting: RHB Jason Swisher 0-0: Ball
1-0: Swinging Strike
1-1: Foul Ball, location: 2F
1-2: Strikes out swinging
Batting: LHB Mike Garland 0-0: Called Strike
0-1: Ball
1-1: Foul Ball, location: 2F
1-2: Ball
2-2: Foul Ball, location: 2F
2-2: Foul Ball, location: 2F
2-2: Strikes out swinging
Batting: RHB Dave Glenn 0-0: Ball
1-0: Called Strike
1-1: Ball
2-1: Ground out 5-3 (Groundball, 5, EV 84.4 MPH)
Top of the 2nd over - 1 run, 1 hit, 0 errors, 0 left on base; Midland 1 - Montgomery 0
BOTTOM OF THE 2ND
Montgomery Biscuits batting - Pitching for Midland RockHounds : RHP Nick Kirk
Batting: RHB Tony Garcia 0-0: Hit by Pitch
Batting: RHB Paul Landes 0-0: Ball
Wild Pitch!
Tony Garcia to second
1-0: Ball
2-0: Ground out 5-3 (Groundball, 56, EV 103.1 MPH)
Batting: RHB Kevin Benfield 0-0: Foul Ball, location: 2F
0-1: Ball
1-1: Swinging Strike
1-2: Foul Ball, location: 2F
1-2: Ground out 5-3 (Groundball, 56S, EV 72.5 MPH)
Tony Garcia to third
Batting: RHB Dan Marks 0-0: Called Strike
0-1: Ball
1-1: Foul Ball, location: 2F
1-2: Foul Ball, location: 2F
1-2: Strikes out swinging
Bottom of the 2nd over - 0 runs, 0 hits, 0 errors, 1 left on base; Midland 1 - Montgomery 0
TOP OF THE 3RD
Midland RockHounds batting - Pitching for Montgomery Biscuits : RHP Colin Lancey Jr.
Batting: SHB Todd Hewitt 0-0: Called Strike
0-1: Called Strike
0-2: Ball
1-2: Fly out, F6 (Popup, 6M, EV 75.0 MPH)
Batting: RHB Jonathan Lugo 0-0: Ball
1-0: Called Strike
1-1: Ground out 6-3 (Groundball, 6, EV 87.5 MPH)
Batting: SHB Brace Harper 0-0: Foul Ball, location: 2F
0-1: Ball
1-1: Called Strike
1-2: Ground out 4-3 (Groundball, 4, EV 79.4 MPH)
Top of the 3rd over - 0 runs, 0 hits, 0 errors, 0 left on base; Midland 1 - Montgomery 0
BOTTOM OF THE 3RD
Montgomery Biscuits batting - Pitching for Midland RockHounds : RHP Nick Kirk
Batting: RHB Dusty Camelli 0-0: Ball
1-0: Called Strike
1-1: Ball
2-1: Foul Ball, location: 2F
2-2: Strikes out swinging
Batting: LHB Hyoji Toda 0-0: Called Strike
0-1: Ball
1-1: Swinging Strike
1-2: Foul Ball, location: 2F
1-2: Foul Ball, location: 2F
1-2: Ground out 6-3 (Groundball, 6, EV 107.5 MPH)
Batting: LHB Jake Rheaume 0-0: Called Strike
0-1: Ball
1-1: Foul Ball, location: 2F
1-2: DOUBLE (Popup, 3D, EV 65.6 MPH)
Batting: SHB Brett McEwen 0-0: Called Strike
0-1: Foul Ball, location: 2F
0-2: Ball
1-2: Ball
2-2: Ball
3-2: Foul Ball, location: 2F
3-2: Foul Ball, location: 2F
3-2: DOUBLE (Flyball, 8LXD, EV 112.5 MPH)
Jake Rheaume scores
Batting: LHB Mario Ocana 0-0: Ball
1-0: Foul Ball, location: 2F
1-1: Foul Ball, location: 2F
1-2: Ball
2-2: Foul Ball, location: 2F
2-2: Strikes out swinging
Bottom of the 3rd over - 1 run, 2 hits, 0 errors, 1 left on base; Midland 1 - Montgomery 1
TOP OF THE 4TH
Midland RockHounds batting - Pitching for Montgomery Biscuits : RHP Colin Lancey Jr.
Batting: RHB Miguel Trevino 0-0: Foul Ball, location: 2F
0-1: Ball
1-1: Swinging Strike
1-2: Strikes out looking
Batting: LHB Tommy King 0-0: Ball
1-0: Ball
2-0: Called Strike
2-1: Called Strike
2-2: Foul Ball, location: 2F
2-2: Ground out 6-3 (Groundball, 6, EV 105.0 MPH)
Batting: LHB John Shults 0-0: Called Strike
0-1: Called Strike
0-2: Ball
1-2: Ground out 5-3 (Groundball, 5L, EV 101.9 MPH)
Top of the 4th over - 0 runs, 0 hits, 0 errors, 0 left on base; Midland 1 - Montgomery 1
BOTTOM OF THE 4TH
Montgomery Biscuits batting - Pitching for Midland RockHounds : RHP Nick Kirk
Batting: RHB Tony Garcia 0-0: Fly out, F8 (Line Drive, 8LD, EV 96.2 MPH)
Batting: RHB Paul Landes 0-0: Foul Ball, location: 2F
0-1: Ball
1-1: Ball
2-1: Ball
3-1: Called Strike
3-2: Base on Balls
Batting: RHB Kevin Benfield 0-0: Foul Ball, location: 2F
0-1: Ball
1-1: Foul Ball, location: 2F
1-2: Ball
2-2: Foul Ball, location: 2F
2-2: Foul Ball, location: 2F
2-2: Foul Ball, location: 2F
2-2: Fly out, F9 (Line Drive, 9D, EV 92.5 MPH)
Batting: RHB Dan Marks 0-0: Called Strike
0-1: Called Strike
0-2: Ball
1-2: Ball
2-2: Foul Ball, location: 2F
2-2: TRIPLE (Flyball, 89XD, EV 109.4 MPH)
Paul Landes scores
Batting: RHB Dusty Camelli 0-0: Called Strike
0-1: Ball
1-1: Ball
2-1: Ball
3-1: DOUBLE (Line Drive, 78D, EV 110.6 MPH)
Dan Marks scores
Batting: LHB Hyoji Toda 0-0: Ball
1-0: Foul Ball, location: 2F
1-1: Swinging Strike
1-2: Ball
2-2: Strikes out looking
Bottom of the 4th over - 2 runs, 2 hits, 0 errors, 1 left on base; Midland 1 - Montgomery 3
TOP OF THE 5TH
Midland RockHounds batting - Pitching for Montgomery Biscuits : RHP Colin Lancey Jr.
Batting: RHB Jason Swisher 0-0: Ball
1-0: SINGLE (Groundball, 34D, EV 94.4 MPH)
Batting: LHB Mike Garland 0-0: Ball
1-0: Ball
2-0: Foul Ball, location: 2F
2-1: Foul Ball, location: 2F
2-2: Ball
3-2: SINGLE (Flyball, 9S, EV 95.0 MPH)
Jason Swisher to second
Batting: RHB Dave Glenn 0-0: Ball
1-0: Ball
2-0: Ball
3-0: Base on Balls
Jason Swisher to third
Mike Garland to second
Batting: SHB Todd Hewitt 0-0: Ball
1-0: Foul Ball, location: 2F
1-1: Ball
2-1: Ball
3-1: Foul Ball, location: 2F
3-2: Foul Ball, location: 2F
3-2: Foul Ball, location: 2F
3-2: Base on Balls
Jason Swisher scores
Mike Garland to third
Dave Glenn to second
Batting: RHB Jonathan Lugo 0-0: Foul Ball, location: 2F
0-1: Ball
1-1: Foul Ball, location: 2F
1-2: Strikes out swinging
Batting: SHB Brace Harper 0-0: Fly out, F9 (Flyball, 9LM, EV 80.0 MPH)
Batting: RHB Miguel Trevino 0-0: Ball
1-0: Called Strike
1-1: Ball
2-1: Ball
3-1: Swinging Strike
3-2: Foul Ball, location: 2F
3-2: Foul Ball, location: 2F
3-2: Strikes out swinging
Top of the 5th over - 1 run, 2 hits, 0 errors, 3 left on base; Midland 2 - Montgomery 3
BOTTOM OF THE 5TH
Montgomery Biscuits batting - Pitching for Midland RockHounds : RHP Nick Kirk
Batting: LHB Jake Rheaume 0-0: Foul Ball, location: 2F
0-1: Ball
1-1: Foul Ball, location: 2F
1-2: Ball
2-2: Fly out, F9 (Flyball, 9LS, EV 83.1 MPH)
Batting: SHB Brett McEwen 0-0: Called Strike
0-1: Swinging Strike
0-2: Ball
1-2: Ball
2-2: Ball
3-2: Fly out, F8 (Line Drive, 8RM, EV 107.5 MPH)
Batting: LHB Mario Ocana 0-0: Called Strike
0-1: Called Strike
0-2: Foul Ball, location: 2F
0-2: Ball
1-2: Ball
2-2: Ball
3-2: SINGLE (Groundball, 34S, EV 73.1 MPH) (infield hit)
Pitching: LHP Bobby Dahlgren
Batting: RHB Tony Garcia 0-0: Swinging Strike
0-1: SINGLE (Groundball, 56D, EV 106.9 MPH)
Mario Ocana to second
Batting: RHB Paul Landes 0-0: Called Strike
0-1: Ball
1-1: Foul Ball, location: 2F
1-2: Ball
2-2: Ball
3-2: Ground out 6-3 (Groundball, 6, EV 86.2 MPH)
Bottom of the 5th over - 0 runs, 2 hits, 0 errors, 2 left on base; Midland 2 - Montgomery 3
TOP OF THE 6TH
Midland RockHounds batting - Pitching for Montgomery Biscuits : RHP Colin Lancey Jr.
Batting: LHB Tommy King 0-0: Ball
1-0: Ground out U3 (Groundball, 34D, EV 107.5 MPH)
Batting: LHB John Shults 0-0: Called Strike
0-1: SINGLE (Groundball, 4MD, EV 100.0 MPH)
Batting: RHB Jason Swisher 0-0: Swinging Strike
0-1: Foul Ball, location: 2F
0-2: Ball
1-2: Ball
2-2: Ball
3-2: Fly out, F2 (Popup, 23F, EV 82.5 MPH)
Batting: LHB Mike Garland 0-0: Called Strike
0-1: Fielders Choice at 2nd, 5-4 (Groundball, 5L, EV 100.0 MPH)
Top of the 6th over - 0 runs, 1 hit, 0 errors, 1 left on base; Midland 2 - Montgomery 3
BOTTOM OF THE 6TH
Montgomery Biscuits batting - Pitching for Midland RockHounds : LHP Bobby Dahlgren
Batting: RHB Kevin Benfield 0-0: Ball
1-0: Called Strike
1-1: Called Strike
1-2: Foul Ball, location: 2F
1-2: Foul Ball, location: 2F
1-2: Fly out, F3 (Popup, 3F, EV 60.0 MPH)
Batting: RHB Dan Marks 0-0: Called Strike
0-1: Ball
1-1: Swinging Strike
1-2: Fly out, F6 (Line Drive, 6, EV 75.6 MPH)
Batting: RHB Dusty Camelli 0-0: Called Strike
0-1: Ball
1-1: Foul Ball, location: 2F
1-2: Ball
2-2: TRIPLE (Flyball, 78XD, EV 100.0 MPH)
Batting: LHB Hyoji Toda 0-0: Called Strike
0-1: Foul Ball, location: 2F
0-2: Ball
1-2: Foul Ball, location: 2F
1-2: Foul Ball, location: 2F
1-2: Ball
2-2: Foul Ball, location: 2F
2-2: Ball
3-2: Foul Ball, location: 2F
3-2: Strikes out swinging
Bottom of the 6th over - 0 runs, 1 hit, 0 errors, 1 left on base; Midland 2 - Montgomery 3
TOP OF THE 7TH
Midland RockHounds batting - Pitching for Montgomery Biscuits : RHP Colin Lancey Jr.
Batting: RHB Dave Glenn 0-0: Fly out, F8 (Line Drive, 8LD, EV 100.6 MPH)
Batting: SHB Todd Hewitt 0-0: Ball
1-0: Ball
2-0: Ground out 4-3 (Groundball, 4, EV 86.9 MPH)
Batting: RHB Jonathan Lugo 0-0: Ball
1-0: Called Strike
1-1: SINGLE (Groundball, 6MS, EV 90.6 MPH) (infield hit)
Batting: SHB Brace Harper 0-0: Called Strike
0-1: Foul Ball, location: 2F
0-2: Ball
Jonathan Lugo is caught stealing 2nd base 2-6
Top of the 7th over - 0 runs, 1 hit, 0 errors, 0 left on base; Midland 2 - Montgomery 3
BOTTOM OF THE 7TH
Montgomery Biscuits batting - Pitching for Midland RockHounds : LHP Bobby Dahlgren
Pitching: RHP Steve Friesner
Batting: LHB Jake Rheaume 0-0: Called Strike
0-1: Ball
1-1: Ball
2-1: Ball
3-1: Ground out 4-3 (Groundball, 4, EV 90.6 MPH)
Batting: SHB Brett McEwen 0-0: Foul Ball, location: 2F
0-1: Ball
1-1: Ball
2-1: Ground out 4-3 (Groundball, 4, EV 93.8 MPH)
Batting: LHB Mario Ocana 0-0: Called Strike
0-1: Fly out, F8 (Flyball, 8LD, EV 96.2 MPH)
Bottom of the 7th over - 0 runs, 0 hits, 0 errors, 0 left on base; Midland 2 - Montgomery 3
TOP OF THE 8TH
Midland RockHounds batting - Pitching for Montgomery Biscuits : RHP Colin Lancey Jr.
Now at 3B: Jose Herrera
Batting: SHB Brace Harper 0-0: Ball
1-0: Foul Ball, location: 2F
1-1: Ground out 5-3 (Groundball, 56, EV 101.2 MPH)
Batting: RHB Miguel Trevino 0-0: Ball
1-0: Ground out 4-3 (Groundball, 4, EV 86.9 MPH)
Batting: LHB Tommy King 0-0: Ball
1-0: Foul Ball, location: 2F
1-1: Ball
2-1: Foul Ball, location: 2F
2-2: Ground out 4-3 (Groundball, 4, EV 85.6 MPH)
Top of the 8th over - 0 runs, 0 hits, 0 errors, 0 left on base; Midland 2 - Montgomery 3
BOTTOM OF THE 8TH
Montgomery Biscuits batting - Pitching for Midland RockHounds : RHP Steve Friesner
Batting: RHB Tony Garcia 0-0: Called Strike
0-1: Swinging Strike
0-2: Ball
1-2: Strikes out swinging
Batting: RHB Paul Landes 0-0: Ball
1-0: SOLO HOME RUN (Flyball, 9D, EV 96.2 MPH), Distance : 385 ft
Batting: RHB Kevin Benfield 0-0: Ball
1-0: Foul Ball, location: 2F
1-1: Called Strike
1-2: Foul Ball, location: 2F
1-2: Ball
2-2: Strikes out swinging, 2-3 out at first.
Batting: RHB Dan Marks 0-0: Ground out 6-3 (Groundball, 6MD, EV 89.4 MPH)
Bottom of the 8th over - 1 run, 1 hit, 0 errors, 0 left on base; Midland 2 - Montgomery 4
TOP OF THE 9TH
Midland RockHounds batting - Pitching for Montgomery Biscuits : RHP Colin Lancey Jr.
Pitching: RHP Nelson Dawson
Now at 2B: Jose Herrera
Now at 3B: Devin Brown
Now in LF: Kevin Kush
Batting: LHB John Shults 0-0: Ball
1-0: Ball
2-0: Called Strike
2-1: Ground out 2-3 (Groundball, 2R, EV 68.8 MPH)
Pinch Hitting: LHB Zachary DeLuca 0-0: Reached via error on a dropped throw from 1B, E1 (Groundball, 34, EV 80.6 MPH)
Batting: LHB Mike Garland 0-0: Ball
1-0: Called Strike
1-1: Ball
2-1: Swinging Strike
2-2: Foul Ball, location: 2F
2-2: Ball
3-2: Base on Balls
Zachary DeLuca to second
Pinch Hitting: LHB Lee Gerken 0-0: Called Strike
0-1: Foul Ball, location: 2F
0-2: Ball
1-2: Ball
2-2: Foul Ball, location: 2F
2-2: Grounds into double play, 6-4-3 (Groundball, 56, EV 86.9 MPH)
Top of the 9th over - 0 runs, 0 hits, 1 error, 1 left on base; Midland 2 - Montgomery 4
Wednesday, June 22nd , 2022 - OOTP Baseball 23.4 Build 64